 Dungeon Crawl Stone Soup version 0.18-a0-1800-gdc7a371 (webtiles) character file.

571 varam the Covert (level 7, 32/32 HPs)
             Began as a Spriggan Enchanter on Apr 24, 2016.
             Was an Initiate of Okawaru.
             Quit the game on level 7 of the Dungeon.
             The game lasted 02:12:22 (5696 turns).

varam the Covert (Spriggan Enchanter)               Turns: 5696, Time: 02:12:22

Health: 32/32      AC:  3    Str:  4    XL:     7   Next: 11%
Magic:  13/13      EV: 18    Int: 12    God:    Okawaru [......]
Gold:   164        SH:  5    Dex: 18    Spells: 3 memorised, 7 levels left

rFire  . . .     SeeInvis +     n - +0 hunting sling (curse)
rCold  . . .     Gourm    .     b - +1 robe
rNeg   . . .     Faith    .     v - +0 buckler
rPois  .         Spirit   .     (helmet restricted)
rElec  .         Dismiss  .     (no cloak)
rCorr  .         Reflect  .     (gloves unavailable)
SustAt .         Harm     .     (boots unavailable)
MR     +....                    (no amulet)
Stlth  +++++.....               (no ring)
                                h - -5 ring of intelligence (curse)

@: very quick, somewhat resistant to hostile enchantments, quite stealthy
A: unfitting armour, see invisible, herbivore 3, speed 3, slow metabolism 2
a: Renounce Religion


You were on level 7 of the Dungeon.
You worshipped Okawaru.
Okawaru was noncommittal.
You were not hungry.

You visited 1 branch of the dungeon, and saw 7 of its levels.

You collected 164 gold pieces.

Inventory:

Hand Weapons
 a - a +2 dagger
 n - a cursed +0 hunting sling (weapon)
 q - a +0 blowgun
Missiles
 r - 25 poisoned needles
 s - 5 needles of confusion
Armour
 b - a +1 robe (worn)
 v - a +0 buckler (worn)
Jewellery
 h - a cursed -5 ring of intelligence (left hand)
Wands
 w - a wand of lightning (9/15)
Scrolls
 g - a scroll of magic mapping
 j - 2 scrolls of identify
 m - a scroll of fear
 t - a scroll of teleportation
 y - a scroll of enchant weapon
Potions
 e - 2 potions of curing {unknown}
 f - 2 potions of heal wounds {unknown}
 i - 2 potions of flight {unknown}
 l - a potion of cancellation {unknown}
 o - a potion of lignification {unknown}
 p - a potion of cure mutation {unknown}
 u - a potion of brilliance {unknown}
 z - 2 potions of invisibility {unknown}
Books
 c - a book of Maledictions

   Spells                             Type                      Level
   a - Corona                         Hexes                        1
   b - Ensorcelled Hibernation        Hexes/Ice                    2
   c - Confuse                        Hexes                        3
   d - Tukima's Dance                 Hexes                        3
   e - Dazzling Spray                 Conjuration/Hexes            3
 x - a book of Ice

   Spells                             Type                      Level
   a - Ice Form                       Ice/Transmutation            4
   b - Metabolic Englaciation         Hexes/Ice                    5
   c - Ozocubu's Refrigeration        Ice                          6
   d - Bolt of Cold                   Conjuration/Ice              6
   e - Freezing Cloud                 Conjuration/Ice/Air          6
   f - Simulacrum                     Ice/Necromancy               6
Comestibles
 d - a bread ration
 k - 3 fruits


   Skills:
 - Level 5.3 Short Blades
 - Level 3.1 Dodging
 - Level 8.8 Stealth
 + Level 3.6 Spellcasting
 + Level 4.4 Hexes


You had 7 spell levels left.
You knew the following spells:

 Your Spells              Type           Power        Failure   Level  Hunger
a - Ensorcelled Hibernat  Hex/Ice        #.....       24%         2    ##.....
b - Corona                Hex            ##.....      10%         1    #......
c - Confuse               Hex            ##......     21%         3    ###....


Dungeon Overview and Level Annotations

Branches:
Dungeon (7/15)
 Temple: D:4-7

Altars:
Makhleb
Okawaru

Annotations:
D:4 Sigmund; stickyfingers's ghost, amateur NaSk


Innate Abilities, Weirdness & Mutations

You are tiny and cannot use many weapons and most armour.
You have supernaturally acute eyesight.
You are a herbivore.
You cover ground extremely quickly.
You need consume almost no food.


Message History

You start resting.
HP restored.
Found a twisted ivory wand.
A - a scroll labeled LIENTA KIULI Read which item? (? for menu, Esc to quit)
As you read the scroll labeled LIENTA KIULI, it crumbles to dust.
It is a scroll of enchant armour.
Enchant which item? (? for menu, Esc to quit)
Really abort (and waste the scroll)? [Y]es or [N]o only, please.
Really abort (and waste the scroll)?
Uppercase [Y]es or [N]o only, please.
Really abort (and waste the scroll)?
Okay, then.
Unknown command.
Quiver which item? (- for none, * to show all) (? for menu, Esc to quit)
Okay, then.
Drink which item? (? for menu, Esc to quit)
Okay, then.
Are you sure you want to abandon this character and quit the game? (Confirm with "yes".)

.# #.# . #.#.#
#######.#.# #.
#.......#.#...
#..^.........
#.........#
#.......#...
#......@#
#.......#
#.......#
#.......#
#######.# #.#
#.# ./.


There were no monsters in sight!

Vanquished Creatures
  Grinder (D:3)
  A howler monkey (D:4)
  An orc wizard (D:2)
  12 gnolls
  9 adders
  An ooze (D:4)
  2 worms (D:2)
  2 dart slugs
  4 giant geckos
  8 orcs (D:3)
  4 giant cockroaches
  9 hobgoblins
  3 jackals (D:3)
  9 kobolds
  12 bats
  3 giant newts
  12 goblins
  8 rats
101 creatures vanquished.

Notes
Turn   | Place    | Note
--------------------------------------------------------------
     0 | D:1      | varam the Spriggan Enchanter began the quest for the Orb.
     0 | D:1      | Reached XP level 1. HP: 9/9 MP: 5/5
   113 | D:1      | Reached XP level 2. HP: 13/13 MP: 6/6
   226 | D:1      | Learned a level 2 spell: Ensorcelled Hibernation
   259 | D:1      | Reached skill level 5 in Stealth
   407 | D:1      | Reached XP level 3. HP: 16/16 MP: 5/8
   943 | D:2      | Learned a level 3 spell: Confuse
  1053 | D:2      | Reached skill level 6 in Stealth
  1056 | D:2      | Reached XP level 4. HP: 21/21 MP: 9/9
  1477 | D:2      | Reached XP level 5. HP: 24/24 MP: 0/10
  1578 | D:2      | Reached skill level 7 in Stealth
  3096 | D:3      | Noticed Grinder
  3107 | D:3      | Killed Grinder
  3107 | D:3      | Reached skill level 5 in Short Blades
  3107 | D:3      | Reached skill level 8 in Stealth
  3107 | D:3      | Reached XP level 6. HP: 26/28 MP: 11/11
  4281 | D:4      | Reached XP level 7. HP: 31/32 MP: 9/13
  4574 | D:5      | Entered Level 5 of the Dungeon
  4629 | D:4      | Noticed stickyfingers's ghost (amateur NaSk)
  4739 | D:4      | Noticed Sigmund
  4911 | D:5      | Found a burning altar of Makhleb.
  5263 | D:6      | Found an iron altar of Okawaru.
  5282 | D:6      | Became a worshipper of Warmaster Okawaru
  5696 | D:7      | Quit the game

Vault maps used:
D:1:      erik_arrival_triangle_small
D:3:      corexii_shack_village, first_bread, uniq_grinder
D:4:      temple_hall, uniq_sigmund
D:5:      bloody_makhleb, slow_altar_2, nicolae_ossuary_entry_giza
D:6:      kennysheep_mini_moat, okawaru_trees_2

Skill      XL: |  1  2  3  4  5  6 |
---------------+-------------------+-----
Short Blades   | 2 3 5 |  5.3
Stealth        | 5 6 8 |  8.8
Hexes          | 4 |  4.4
Spellcasting   | 3 |  3.6
Dodging        | |  3.1

Action                   |  1- 3 |  4- 6 |  7- 9 || total
-------------------------+-------+-------+-------++-------
Melee: Dagger            |    62 |   132 |     5 ||   199
 Fire: Blowgun           |       |     7 |       ||     7
 Cast: Corona            |     4 |       |       ||     4
       Ensorcelled Hiber |    13 |    44 |     6 ||    63
       Confuse           |       |    20 |     8 ||    28
  Use: Scroll            |       |       |     9 ||     9
 Stab: Sleeping          |    28 |    42 |     3 ||    73
       Confused          |       |     8 |     1 ||     9
       Distracted        |       |     2 |       ||     2
  Eat: Bread ration      |       |     2 |       ||     2
Armor: Robe              |    11 |    17 |     3 ||    31
Dodge: Dodged            |    38 |    97 |    32 ||   167
Block: Buckler           |       |       |    10 ||    10
